[Event "FIDE Womens Candidates 2024"]
[Site "Toronto"]
[Date "2024.04.04"]
[Round "1.1"]
[White "Goryachkina, Aleksandra"]
[Black "Lagno, Kateryna"]
[Result "1/2-1/2"]
[ECO "B51"]
[WhiteElo "2553"]
[BlackElo "2542"]
[Annotator "TA"]
[PlyCount "72"]
[EventDate "2024.04.02"]
[EventType "tourn"]
[EventCountry "CAN"]
[SourceTitle "playchess.com"]
[Source "ChessBase"]
[SourceQuality "1"]
[TimeControl "40/5400+30:1800+30"]

1. e4 c5 2. Nf3 Nc6 3. Bb5 d6 4. O-O Bd7 5. Re1 Nf6 6. c3 a6 7. Bf1 e5 8. Na3 (8. h3 $14) 8... Be7 $11 9. Nc2 O-O 10. h3 {[%emt 0:04:32] The position is equal.} Re8 11. d3 h6 12. Ne3 Bf8 13. Nh2 Be6 14. Qf3 Ne7 15. Nhg4 Nxg4 16. hxg4 g6 (16... Qd7 $15) 17. Nf5 Kh7 18. Ng3 Bg7 19. g5 ({Better is} 19. Nf5 $11) 19... h5 20. Be2 Rf8 21. Bd1 Qd7 22. Bb3 Bxb3 23. axb3 Qe6 24. Qd1 Rad8 25. Be3 Nc6 26. Nf1 f5 27. gxf6 Qxf6 28. Qd2 Qe6 29. Bg5 Bf6 30. Bxf6 Rxf6 31. Ne3 Rdf8 32. Re2 R6f7 ({Of course not} 32... Qxb3 $6 33. Nd5 a5 34. Ra3 $16 (34. Nxf6+ Rxf6 35. Qg5 Kg7 $14)) 33. Nd5 Qg4 34. Ne3 Qe6 35. Nd5 Qg4 36. Ne3 Qe6 {[%emt 0:00:04] Weighted Error Value: White=0.11 (very precise) /Black=0.12 (very precise) .  Mistake:       	White=1     	Black=2      Inaccurate:     	White=4     	Black=3      OK:         	White=12    	Black=16} ({Black should try} 36... Qh4 $15) 1/2-1/2

[Event "FIDE Womens Candidates 2024"]
[Site "Toronto"]
[Date "2024.04.04"]
[Round "1.4"]
[White "Vaishali, Rameshbabu"]
[Black "Koneru, Humpy"]
[Result "1/2-1/2"]
[ECO "C54"]
[WhiteElo "2475"]
[BlackElo "2546"]
[Annotator "TA"]
[PlyCount "82"]
[EventDate "2024.04.02"]
[EventType "tourn"]
[EventCountry "CAN"]
[SourceTitle "playchess.com"]
[Source "ChessBase"]
[SourceQuality "1"]
[TimeControl "40/5400+30:1800+30"]

1. e4 e5 2. Nf3 Nc6 3. Bc4 Bc5 4. c3 Nf6 5. d3 h6 6. b4 Be7 7. Nbd2 O-O 8. O-O d5 {[%emt 0:09:41] White has an edge.} 9. Bb3 a6 10. a3 Be6 11. Re1 b5 12. Bb2 dxe4 13. dxe4 Bxb3 14. Qxb3 a5 15. Nf1 Qc8 16. Ne3 Qe6 17. Nd5 Rfd8 18. Nxf6+ Qxf6 19. Rad1 Bd6 20. Rd5 Rdb8 21. Red1 Qe6 {[%emt 0:04:01] [#] ...Ne7 is the strong threat.} 22. Qc2 Ne7 23. R5d3 Nc8 24. Nd2 Nb6 25. Bc1 Be7 26. Nf1 Qc6 {[%emt 0:02:28] The position is equal.} 27. Ne3 axb4 (27... Qxe4 $2 {loses.} 28. Rd8+ Rxd8 29. Rxd8+ (29. Qxe4 Rdc8 $18) 29... Rxd8 30. Qxe4 $18) 28. cxb4 Qxc2 29. Nxc2 Rd8 30. Kf1 Rxd3 31. Rxd3 Rd8 32. Ke2 Rxd3 33. Kxd3 $11 {[%emt 0:00:02][%mdl 4096] Endgame. KBN-KBN} Kf8 34. Be3 Nc4 35. Kc3 Ke8 36. f3 h5 37. Ba7 Nd6 38. Bc5 Nb7 39. Ba7 Nd6 40. Bc5 Nb7 41. Ba7 Nd6 {[%emt 0:00:11] Weighted Error Value: White=0.07 (flawless) /Black=0.04 (flawless) .  Inaccurate:     	White=1     	---        OK:         	White=7     	Black=18     Best:        	---       	Black=1} 1/2-1/2

[Event "FIDE Womens Candidates 2024"]
[Site "Toronto"]
[Date "2024.04.05"]
[Round "2.1"]
[White "Tan, Zhongyi"]
[Black "Vaishali, Rameshbabu"]
[Result "1-0"]
[ECO "B13"]
[WhiteElo "2521"]
[BlackElo "2475"]
[Annotator "TA"]
[PlyCount "67"]
[EventDate "2024.04.02"]
[EventType "tourn"]
[EventCountry "CAN"]
[SourceTitle "playchess.com"]
[Source "ChessBase"]
[SourceQuality "1"]
[TimeControl "40/5400+30:1800+30"]

1. d4 Nf6 2. Nc3 d5 3. Bf4 c5 4. e3 cxd4 5. exd4 a6 6. Nf3 Nc6 7. h3 Bf5 8. Bd3 {[%emt 0:00:14] The position is equal.} Bxd3 9. Qxd3 e6 10. O-O Bd6 11. Bxd6 Qxd6 12. Rfe1 O-O 13. a3 Qc7 14. Na2 Rac8 15. c3 Ne4 16. Qe2 Na5 17. Nb4 Nb3 18. Rad1 a5 19. Nd3 a4 20. Nfe5 Na5 21. f3 Nd6 22. Nf4 Nac4 23. Ned3 Rfe8 24. Qf2 Re7 25. Re2 Rce8 26. Rde1 b6 27. g4 Nb5 (27... Qd8 $11) 28. Qh4 $16 {[%emt 0:01:37][%cal Of4d5] Threatens to win with Nxd5!} Qd6 ({Black should try} 28... Qd8) 29. Nh5 f6 {[%emt 0:03:41] Repels Qg5} 30. g5 f5 {[%emt 0:01:21][%mdl 8192] This costs Black the game.} (30... fxg5 $16 31. Qxg5 Rf7) 31. Rg2 $18 {[%emt 0:01:36] White is clearly winning.} Kh8 32. Ndf4 {[%emt 0:05:52][%cal Oh5f6] Intending Nf6! and mate.} e5 {[%emt 0:01:38] [#]} 33. Nf6 $1 gxf6 34. Ng6+ {[%emt 0:00:05] Weighted Error Value: White=0.05 (flawless) /Black=0.14 (very precise) .  Loses game:     	---       	Black=1      Mistake:       	---       	Black=2      Inaccurate:     	---       	Black=1      OK:         	White=13    	Black=7      Best:        	---       	Black=2} 1-0

[Event "FIDE Womens Candidates 2024"]
[Site "Toronto"]
[Date "2024.04.05"]
[Round "2.2"]
[White "Lagno, Kateryna"]
[Black "Koneru, Humpy"]
[Result "1/2-1/2"]
[ECO "C88"]
[WhiteElo "2542"]
[BlackElo "2546"]
[Annotator "TA"]
[PlyCount "75"]
[EventDate "2024.04.02"]
[EventType "tourn"]
[EventCountry "CAN"]
[SourceTitle "playchess.com"]
[Source "ChessBase"]
[SourceQuality "1"]
[TimeControl "40/5400+30:1800+30"]

1. e4 e5 2. Nf3 Nc6 3. Bb5 a6 4. Ba4 Nf6 5. O-O Be7 6. Re1 b5 7. Bb3 Bb7 8. d3 O-O 9. a4 Re8 10. axb5 axb5 11. Rxa8 Bxa8 12. Na3 {[%emt 0:18:45] White is slightly better.} Bxa3 13. bxa3 d5 14. exd5 Nd4 15. Nxd4 ({But not} 15. Nxe5 Nxb3 16. cxb3 Qxd5 $11) 15... exd4 16. Bg5 Bxd5 17. Rxe8+ Qxe8 18. Bxf6 Bxb3 19. cxb3 gxf6 $14 {[%emt 0:00:06][%mdl 4096] Endgame. KQ-KQ} 20. a4 bxa4 21. bxa4 Qc6 22. g3 Qc3 23. Qg4+ Kf8 24. Qf5 Qc1+ 25. Kg2 Qc6+ 26. Qf3 Qa6 27. Qf5 (27. Qd1 $14) 27... Qc6+ $11 {[%emt 0:01:25] The position is equal.} 28. Kh3 Qxa4 29. Qxf6 Qd7+ 30. g4 Qd5 31. Kg3 {[%emt 0:00:42] Hoping for Qh8+.} c5 32. h4 c4 33. dxc4 Qxc4 34. Qd8+ Kg7 35. Qg5+ Kf8 36. Qd8+ Kg7 37. Qg5+ Kf8 38. Qd8+ {[%emt 0:00:04] Weighted Error Value: White=0.07 (flawless) /Black=0.06 (flawless) .  Mistake:       	White=1     	---        Inaccurate:     	White=2     	Black=2      OK:         	White=8     	Black=8      Best:        	White=2     	Black=7} 1/2-1/2

[Event "FIDE Womens Candidates 2024"]
[Site "Toronto"]
[Date "2024.04.05"]
[Round "2.4"]
[White "Goryachkina, Aleksandra"]
[Black "Muzychuk, Anna"]
[Result "1-0"]
[ECO "D14"]
[WhiteElo "2553"]
[BlackElo "2520"]
[Annotator "TA"]
[PlyCount "63"]
[EventDate "2024.04.02"]
[EventType "tourn"]
[EventCountry "CAN"]
[SourceTitle "playchess.com"]
[Source "ChessBase"]
[SourceQuality "1"]
[TimeControl "40/5400+30:1800+30"]

1. d4 d5 2. c4 c6 3. cxd5 cxd5 4. Bf4 Nc6 5. e3 Nf6 6. Nc3 Bf5 7. Nf3 e6 8. Ne5 Nxe5 9. dxe5 Nd7 10. e4 dxe4 {[%emt 0:01:14] The position is equal.} 11. Bb5 a6 12. Bxd7+ Qxd7 13. Qxd7+ Kxd7 14. Na4 {[%emt 0:01:26] Threatens to win with Nb6+.} Rb8 15. Rd1+ Ke8 16. Be3 Bg4 17. Rc1 Bb4+ 18. Bd2 Be7 19. h3 Bh5 20. O-O Be2 21. Rfe1 Bd3 22. Be3 {[%emt 0:08:30][%mdl 1024] White has compensation.} b5 23. Nb6 f5 24. Rc6 Kf7 25. Rec1 Rb7 {[%emt 0:01:57] [#]} (25... Bd8 $11) 26. Nc8 (26. Rc7 $1 $16 Rxc7 27. Rxc7) 26... Rd7 {[%emt 0:01:31] [#]} (26... Bb4 $14) 27. Rc7 $1 $18 ({Don't take} 27. Rxa6 $6 h6 $14) 27... Rhd8 (27... Rxc7 {was worth a try.} 28. Rxc7 Rxc8 29. Rxc8 g5) 28. Nxe7 Bc4 $2 (28... Kxe7 29. Bg5+ Ke8) 29. Rxd7 Rxd7 30. Nc8 {[%emt 0:00:34] White is winning.} Bxa2 31. Nd6+ Kg6 32. Ra1 {[%emt 0:00:28] Weighted Error Value: White=0.12 (very precise) /Black=0.36.  Mistake:       	White=1     	Black=4      Inaccurate:     	White=2     	Black=2      OK:         	White=14    	Black=9      Best:        	White=1     	Black=1      Strong:       	White=1     	---} 1-0

[Event "FIDE Womens Candidates 2024"]
[Site "Toronto"]
[Date "2024.04.06"]
[Round "3.4"]
[White "Vaishali, Rameshbabu"]
[Black "Salimova, Nurgyul"]
[Result "1-0"]
[ECO "C42"]
[WhiteElo "2475"]
[BlackElo "2432"]
[Annotator "TA"]
[PlyCount "65"]
[EventDate "2024.04.02"]
[EventType "tourn"]
[EventCountry "CAN"]
[SourceTitle "playchess.com"]
[Source "ChessBase"]
[SourceQuality "1"]
[TimeControl "40/5400+30:1800+30"]

1. e4 e5 2. Nf3 Nf6 3. Nxe5 d6 4. Nf3 Nxe4 5. Nc3 Nxc3 6. dxc3 Be7 7. Be3 O-O 8. Qd2 Nd7 9. O-O-O Nf6 10. Bd4 {[%emt 0:00:50] White has an edge.} Bd7 11. h4 Re8 (11... Ng4 $11) 12. Ng5 $14 {[%emt 0:15:51] aiming for Bc4.} h6 {[%emt 0:02:45] [#]} 13. Bd3 $1 Ng4 (13... hxg5 $6 14. hxg5 $16) 14. Nxf7 Kxf7 15. Bc4+ $1 Kf8 {[%emt 0:00:24][%cal Oe7f6] Hoping for ...Bf6!} 16. Qd3 Bg5+ $2 17. Kb1 (17. hxg5 $18 {Threatens to win with Qf3+.} Qxg5+ 18. Kb1) 17... Ne5 {[%emt 0:00:40][%mdl 8192] Prevents Qf3+. This costs Black the game.} (17... Bxh4 $2 18. Qg6 Re7 19. Qh7 $18 (19. Rxh4 Qe8 $18)) ({Black should play} 17... Bf6 $14 18. Qh7 Be6 (18... Bxh4 19. Qxg7#) 19. Bxe6 Rxe6) 18. Bxe5 {[%emt 0:04:36][%cal Od3g6] Qg6! would now be deadly.} Bf6 {[%emt 0:05:04] [#]} 19. Bxd6+ $40 {[%emt 0:05:28][%mdl 640] Black is in trouble.} cxd6 20. Qxd6+ Qe7 (20... Re7 $2 21. Qd5 Re6 22. Qxb7 $18 (22. Qxd7 Qxd7 23. Rxd7 Re7 $18)) 21. Qxd7 Qxd7 22. Rxd7 {[%emt 0:00:03] And now Rf7+ would win.} Re4 23. Bd5 Re2 (23... Re7 24. Rxe7 (24. Rxb7 Rxb7 25. Bxb7 Rb8 $18) (24. Bxb7 Rb8 $18) 24... Kxe7) 24. Rf7+ $18 ({Don't take} 24. Rxb7 Rd8 25. c4 Bxh4 26. Rxa7 (26. Rf7+ Ke8 $18) 26... Rd6 $18) 24... Ke8 25. Rxb7 Rd8 26. Bc4 Red2 (26... Re7) 27. Re1+ (27. Rxa7 $2 {is a self mate.} Rd1+ 28. Rxd1 Rxd1#) 27... Kf8 28. Kc1 {[%emt 0:00:31] Repels Rd1+} (28. Rxa7 $2 {leads to mate.} Rd1+ 29. Rxd1 Rxd1#) 28... R2d7 29. Rxd7 Rxd7 30. g3 Be7 31. h5 Bc5 32. Re5 Bb6 33. a4 {[%emt 0:00:33] Weighted Error Value: White=0.31/Black=0.63.  Loses game:     	---       	Black=2      Mistake:       	White=1     	Black=3      Inaccurate:     	White=4     	Black=1      OK:         	White=12    	Black=6      Best:        	---       	Black=4      Strong:       	White=1     	---} 1-0

[Event "FIDE Womens Candidates 2024"]
[Site "Toronto"]
[Date "2024.04.07"]
[Round "4.1"]
[White "Goryachkina, Aleksandra"]
[Black "Vaishali, Rameshbabu"]
[Result "1/2-1/2"]
[ECO "D33"]
[WhiteElo "2553"]
[BlackElo "2475"]
[Annotator "TA"]
[PlyCount "80"]
[EventDate "2024.04.02"]
[EventType "tourn"]
[EventCountry "CAN"]
[SourceTitle "playchess.com"]
[Source "ChessBase"]
[SourceQuality "1"]
[TimeControl "40/5400+30:1800+30"]

1. Nf3 Nf6 2. c4 c5 3. Nc3 e6 4. g3 d5 5. cxd5 exd5 6. d4 Nc6 7. a3 cxd4 8. Nxd4 Bc5 9. Be3 {[%emt 0:01:32] [#] Nxc6 is the strong threat.} Bb6 10. Na4 Bxd4 11. Bxd4 O-O 12. Bg2 Re8 13. Nc3 Bf5 14. O-O Ne4 15. e3 Qd7 16. Rc1 Rad8 17. Ne2 Ng5 (17... Bh3 {looks sharper.} 18. Nf4 Bxg2 19. Kxg2 Ng5) 18. h4 Ne6 19. Qd2 h6 20. b4 Be4 21. Rfd1 Nexd4 22. Nxd4 Ne5 23. Qe2 a6 {[%emt 0:07:02] Repels Qb5} 24. b5 ({White should play} 24. Bxe4 $1 $14 dxe4 25. Nc6) 24... Bxg2 25. Kxg2 Nc4 26. bxa6 bxa6 27. Rb1 Nxa3 {[%emt 0:08:44] The position is equal.} 28. Ra1 Nb5 29. Nxb5 (29. Rxa6 $2 {perishes.} Nc3 30. Qh5 Nxd1 31. Qxd1 Ra8 $19) 29... axb5 30. Rab1 d4 31. Qxb5 {[%emt 0:00:43] Active counter play!} (31. Qf3 {is interesting.} d3 32. Rb4 Qa7 33. Rxb5 Qa2 34. Rb7) 31... Qxb5 32. Rxb5 dxe3 33. Rxd8 Rxd8 34. fxe3 $11 {[%emt 0:00:38][%mdl 4096] Endgame. KR-KR} g6 35. Kf3 h5 36. Ra5 Kg7 37. Rb5 Kf6 38. Ra5 Ke6 39. Rb5 Kf6 40. Ra5 Ke6 {[%emt 0:00:00] Weighted Error Value: White=0.06 (flawless) /Black=0.05 (flawless) .  Mistake:       	White=1     	---        Inaccurate:     	White=1     	Black=2      OK:         	White=13    	Black=21     Best:        	White=1     	---} 1/2-1/2

[Event "FIDE Womens Candidates 2024"]
[Site "Toronto"]
[Date "2024.04.07"]
[Round "4.2"]
[White "Lagno, Kateryna"]
[Black "Tan, Zhongyi"]
[Result "1/2-1/2"]
[ECO "B92"]
[WhiteElo "2542"]
[BlackElo "2521"]
[Annotator "TA"]
[PlyCount "112"]
[EventDate "2024.04.02"]
[EventType "tourn"]
[EventCountry "CAN"]
[SourceTitle "playchess.com"]
[Source "ChessBase"]
[SourceQuality "1"]
[TimeControl "40/5400+30:1800+30"]

1. e4 c5 2. Nf3 d6 3. d4 cxd4 4. Nxd4 Nf6 5. Nc3 a6 6. Be2 e5 7. Nb3 Be7 8. Be3 Be6 9. O-O O-O 10. Re1 {[%emt 0:00:22] B92: Sicilian Najdorf: 6 Be2.} Nbd7 11. a4 b6 12. h3 $146 ({Predecessor:} 12. Bf1 Nc5 13. Nxc5 dxc5 14. Qxd8 Rfxd8 15. Rad1 Kf8 16. Rxd8+ Bxd8 17. a5 Bd7 18. Rd1 Bc6 19. f3 Nd7 20. Rd6 Ke7 21. Rxc6 Nb8 22. Nd5+ Kd7 23. Rxb6 {1-0 Postny,E (2570)-Jaiveer,M (2393) Titled Tuesday intern op 26th Sep Early blitz 2023 (1)}) 12... Qc7 13. Qd3 Rfc8 14. Rec1 Qb7 15. Bf3 Rc7 16. Nd2 Nc5 17. Qe2 h6 18. b4 Ncd7 19. Qd3 Rac8 20. Ra3 Bc4 21. Nxc4 Rxc4 22. Rb3 Qc7 23. Bd2 d5 24. Nxd5 Nxd5 25. exd5 Nf6 26. Qf1 Qd7 27. c3 Qxa4 (27... Nxd5 28. Bg4) 28. Rbb1 Qa2 (28... Qd7 $11 {keeps the balance.}) 29. Rd1 R4c7 30. Ra1 Qc2 31. Be3 (31. Rxa6 $6 e4 32. Bg4 Rd8 $14) ({Better is} 31. Qxa6 $18 {[%cal Od2e1] Strongly threatening Be1!} Rb8 32. Be3) 31... Rd7 ({Black should play} 31... Bd6) 32. Rdc1 (32. Bxb6 $6 Rxc3 33. Bc5 (33. Qxa6 Bxb4 34. Be3 Kh7 $14) 33... e4 34. Bxe7 Rxe7 $16) 32... Qb2 (32... Qb3 $16) 33. Rab1 (33. Rxa6 $6 Rxc3 34. Rxb6 e4 35. Rb8+ Kh7 $11) 33... Qa3 34. Ra1 (34. Bxb6 $6 Rxc3 35. Rd1 Bxb4 $11) 34... Qb2 $1 35. Qd3 (35. Rxa6 $6 Rxc3 36. Rxb6 e4 37. Rb8+ Kh7 $11) 35... e4 (35... Rdc7 $16) 36. Bxe4 $18 (36. Qxa6 Rxc3 37. Rcb1 Qc2 $11) 36... Nxe4 37. Qxe4 Rxc3 $2 (37... Bg5 38. Bxg5 (38. Rxa6 Bxe3 39. Qxe3 Re7 $16) 38... hxg5) 38. Rxc3 Qxa1+ 39. Rc1 Qf6 40. Rc6 Qa1+ (40... Qh4 $142 41. Qf5 Rd8 42. Bxb6 Rf8) 41. Kh2 $18 Bf8 42. Rxb6 $2 (42. Bd4 Qd1 (42... Qa2 $2 43. Rxh6 Bd6+ 44. g3 $18) 43. Rc8 (43. Bxb6 Rd6 $18) (43. Rxb6 Bd6+ 44. g3 Re7 $16)) 42... Rd8 43. Bf4 Qa2 44. d6 a5 $2 (44... Qxf2 45. Rxa6 h5) 45. Ra6 $18 Qxf2 46. bxa5 g5 (46... Re8 $142 47. Qf3 (47. Qxe8 Qxf4+ 48. Kg1 Qc1+ 49. Kh2 Qf4+ 50. Kg1 Qc1+ 51. Kf2 Qf4+ 52. Kg1 $11) 47... Qd4) 47. Bg3 $18 Qf6 48. Qd5 h5 49. Qf3 ({Not} 49. d7 Rxd7 50. Qxd7 (50. Rxf6 Rxd5 51. a6 Ra5 $14) 50... Qxa6 $18) 49... Qg6 50. Ra8 Rxa8 $2 (50... g4 {was worth a try.} 51. Qd5 Rxa8 52. Qxa8 h4 53. Bxh4 (53. Bf4 $2 {leads to mate.} g3+ 54. Bxg3 hxg3+ 55. Kh1 Qb1#) 53... Kg7) 51. Qxa8 $18 h4 {[%emt 0:00:14] [#]} 52. Be5 $2 (52. Bf2 $1 $18 Qf5 53. Bg1) 52... Qe6 $11 53. Qe4 Bxd6 54. Qa8+ Kh7 55. Bxd6 Qxd6+ 56. Kh1 Qd1+ 1/2-1/2

[Event "FIDE Womens Candidates 2024"]
[Site "Toronto"]
[Date "2024.04.09"]
[Round "5.1"]
[White "Tan, Zhongyi"]
[Black "Salimova, Nurgyul"]
[Result "1/2-1/2"]
[ECO "B12"]
[WhiteElo "2521"]
[BlackElo "2432"]
[Annotator "TA"]
[PlyCount "116"]
[EventDate "2024.04.02"]
[EventType "tourn"]
[EventCountry "CAN"]
[SourceTitle "playchess.com"]
[Source "ChessBase"]
[SourceQuality "1"]
[TimeControl "40/5400+30:1800+30"]

1. e4 c6 2. d4 d5 3. e5 c5 4. dxc5 e6 5. Nf3 Bxc5 6. Bd3 {[%emt 0:00:05] B12: Caro-Kann: Advance Variation.} Ne7 $1 {[%emt 0:01:33][%mdl 4] is more profitable than 6...Nc6 at the moment.} 7. Nbd2 Nbc6 8. Nb3 Bb6 9. O-O Qc7 10. Bf4 $146 ({Predecessor:} 10. Re1 Bd7 11. c3 Ng6 12. Bxg6 hxg6 13. Be3 Bxe3 14. Rxe3 Ne7 15. Nbd4 Nf5 16. Re2 {1-0 Miranda,R (2324)-Harsh,S (2298) Titled Tuesday intern op 23rd May Early blitz 2023 (5)}) 10... Nb4 11. a4 a6 12. Qd2 Nxd3 13. cxd3 d4 14. a5 Ba7 15. Nfxd4 O-O 16. Rfc1 Qd7 17. Be3 Qd5 $1 18. f4 (18. Rc7 $5 Ng6 19. Nf3 $14) 18... Bd7 19. Rc4 Rfd8 20. Rac1 Bb5 21. R4c3 Nc6 22. Nxc6 Bxe3+ 23. Qxe3 Bxc6 24. Qf2 Qb5 25. Qc5 h6 26. Qxb5 axb5 27. d4 Bd5 28. Kf2 b4 29. Rd3 Rdc8 ({Don't play} 29... Bxb3 30. Rxb3 Rxd4 31. Ke3 $14) 30. Rc5 Rxc5 31. dxc5 Bc4 32. Re3 Rd8 33. Ke1 Rd5 34. g3 Kf8 35. Nd2 Rxc5 36. Nxc4 Rxc4 37. Rb3 g5 38. Kd2 gxf4 39. Kd3 Rc5 40. gxf4 Rxa5 41. Rxb4 Rd5+ 42. Rd4 Rc5 43. b4 Rc1 44. Rd8+ Kg7 $1 45. Rb8 Rf1 (45... Rh1 $1 $11) 46. Ke3 (46. Rxb7 $14 Rf3+ 47. Ke4) 46... Rh1 $11 47. Rxb7 Rxh2 48. f5 exf5 49. e6 Rh4 50. Kd3 Re4 51. exf7 h5 52. b5 h4 53. b6 Rb4 54. Kc3 Rb1 55. Kd4 h3 56. f8=Q+ Kxf8 57. Rh7 Rxb6 58. Ke5 f4 1/2-1/2

[Event "FIDE Womens Candidates 2024"]
[Site "Toronto"]
[Date "2024.04.09"]
[Round "5.3"]
[White "Vaishali, Rameshbabu"]
[Black "Muzychuk, Anna"]
[Result "1/2-1/2"]
[ECO "C54"]
[WhiteElo "2475"]
[BlackElo "2520"]
[Annotator "TA"]
[PlyCount "96"]
[EventDate "2024.04.02"]
[EventType "tourn"]
[EventCountry "CAN"]
[SourceTitle "playchess.com"]
[Source "ChessBase"]
[SourceQuality "1"]
[TimeControl "40/5400+30:1800+30"]

1. e4 e5 2. Nf3 Nc6 3. Bc4 Bc5 4. d3 Nf6 5. Bg5 d6 6. c3 h6 7. Bh4 a5 8. Nbd2 Ba7 9. a4 Qe7 {[%emt 0:07:45] The position is equal.} 10. O-O g5 11. Bg3 O-O 12. Re1 Bg4 13. Nf1 Bh5 14. Ne3 Bxe3 15. Rxe3 Kg7 16. Qb3 Nd8 17. h3 {[%emt 0:17:38] White is more active.} Nd7 18. d4 f6 19. Nd2 Nb6 20. Ree1 Bf7 21. Bxf7 Qxf7 22. Qxf7+ Rxf7 23. f3 Ne6 24. Nb3 Nc4 25. Re2 Ra6 26. d5 Nf4 27. Bxf4 gxf4 28. Nc1 Kf8 29. Nd3 Rg7 30. b3 Nb6 (30... Ne3 $15) 31. c4 $11 Nd7 32. Rc1 {[%emt 0:00:15] [#]} (32. Rc2 $1 $11) 32... b6 $1 $17 {[%emt 0:02:21] Black continues to play with concentration.} 33. Kf1 Ke7 34. g4 fxg3 35. f4 (35. Ne1 $142) 35... h5 36. f5 h4 37. Kg2 Rg8 38. Rc3 Raa8 39. Ne1 Nc5 40. Nd3 Rac8 41. Nxc5 (41. Ne1 $142) 41... dxc5 $19 {[%emt 0:06:14][%mdl 4096] Endgame. KRR-KRR} 42. Rd3 {[%emt 0:00:30] Black is clearly better.} Rcd8 43. Red2 Rd6 44. Rd1 Rgd8 45. Kf3 c6 46. R1d2 cxd5 47. exd5 Rg8 48. Rg2 Rg5 {[%emt 0:07:29] Weighted Error Value: White=0.14 (very precise) /Black=0.07 (flawless) .  Mistake:       	White=3     	Black=1      Inaccurate:     	White=5     	Black=2      OK:         	White=13    	Black=23     Best:        	White=1     	Black=1      Strong:       	---       	Black=1} 1/2-1/2

[Event "FIDE Womens Candidates 2024"]
[Site "Toronto"]
[Date "2024.04.10"]
[Round "6.2"]
[White "Tan, Zhongyi"]
[Black "Muzychuk, Anna"]
[Result "1-0"]
[ECO "D05"]
[WhiteElo "2521"]
[BlackElo "2520"]
[Annotator "TA"]
[PlyCount "73"]
[EventDate "2024.04.02"]
[EventType "tourn"]
[EventCountry "CAN"]
[SourceTitle "playchess.com"]
[Source "ChessBase"]
[SourceQuality "1"]
[TimeControl "40/5400+30:1800+30"]

1. d4 d5 2. Nf3 Nf6 3. e3 e6 4. Bd3 c5 5. b3 Nc6 6. O-O b6 7. Bb2 Bb7 8. Nbd2 Rc8 {[%emt 0:01:24] The position is equal.} 9. a3 Be7 10. Ne5 cxd4 11. exd4 Nxe5 12. dxe5 Nd7 13. Qg4 g6 14. b4 {[%emt 0:02:24] Dodges Nc5} a5 15. Nf3 O-O 16. Rae1 axb4 17. axb4 Ra8 18. h4 {[%emt 0:19:25] White is more active.} Ra4 (18... Ba6 $14) 19. h5 $16 Rxb4 {[%emt 0:01:27] [#]} 20. Nd4 $1 g5 (20... Nc5 21. hxg6) 21. Bc3 {[%emt 0:01:20][%mdl 1024] White has strong compensation.} Ra4 22. f4 $1 {[%emt 0:10:57] fxg5 would now be deadly.} Qc8 23. Bb2 Nc5 24. f5 $2 (24. fxg5 $18 Nxd3 25. cxd3) 24... exf5 $1 $14 (24... Nxd3 $6 25. f6 (25. cxd3 h6 $11) 25... Bxf6 26. exf6 $18) 25. Bxf5 (25. Qg3 $5) 25... Qd8 (25... Qe8 $11) 26. h6 $2 (26. e6 $18 {[%cal Of5h7] is the precise move to win. aiming for Bxh7+!} f6 27. Bxh7+ Kxh7 28. Qf5+ Kh8 29. Qg6) 26... Bc8 (26... Ra2 $16) 27. e6 $1 $18 f6 {[%emt 0:03:58] [#]} (27... fxe6 {is a better defense.} 28. Rxe6 Rb4) 28. Bxh7+ $1 Kxh7 29. Qf5+ Kh8 {[%emt 0:01:11] [#] Threatens to win with ...Qe8.} 30. Nc6 $1 Qe8 {[%emt 0:01:11] [#]} (30... Bxe6 31. Nxd8 (31. Rxe6 Nxe6 32. Nxd8 Bc5+ 33. Kh2 Rh4+ 34. Kg3 Bd6+ 35. Kf3 Rf4+ $11) 31... Bxf5 32. Rxe7 Rf4 33. Nf7+ Kg8 34. Rxf4 gxf4) 31. Qxg5 $1 Rg8 {[%emt 0:00:12] Prevents Qg7+.} (31... Qxc6 32. Qg7#) (31... Nxe6 $2 32. Rxe6 (32. Qxd5 $2 Bc5+ $19) 32... Rg8 33. Rxe7 $18 (33. Bxf6+ Kh7 $18)) 32. Rxf6 $2 (32. Qxd5 $2 Bb7 33. Bxf6+ (33. Rxf6 $2 Bxf6 34. Bxf6+ Kh7 $19) 33... Bxf6 34. Rxf6 Qxc6 $19) (32. Bxf6+ $18 Kh7 33. Qf5+ (33. Nxe7 $2 Rxg5 34. Bxg5 Bxe6 $19) (33. Qxd5 Rag4 $11) 33... Qg6 34. Qxg6+ (34. Bxe7 Qxf5 35. Rxf5 Nxe6 $16) (34. Nxe7 Qxf5 35. Rxf5 Bxe6 $18) 34... Rxg6 35. Nxe7 (35. Bxe7 Bxe6 36. Bf8 Rag4 $18) 35... Nxe6 36. Bb2 (36. Nxc8 Nf4 $18)) 32... Bxf6 (32... Rxg5 33. Rf8+ Kh7 34. Rxe8 Bxe6 35. Rh8+ (35. Nxe7 d4 $18) (35. Rxe7+ Kxh6 36. Bc1 Kh5 $18) 35... Kg6 36. Nxe7+ Kf7 37. Rh7+ (37. Rf1+ Kxe7 38. Bf6+ Kf7 $18) 37... Ke8 38. Nc6 $18 (38. Bf6 Rh5 $18)) 33. Qxf6+ (33. Bxf6+ $2 {is the wrong capture.} Kh7 34. Bg7 Nxe6 (34... Qxc6 35. Qf5#) 35. Qf5+ Qg6 36. Qxg6+ Kxg6 $19) 33... Kh7 {[%emt 0:00:01][%cal Rc8e6] ...Bxe6! is the strong threat.} 34. Ne7 $40 {[%emt 0:00:10][%mdl 128] White is up to no good. Dancing on a razor blade.} Re4 $2 (34... Bxe6 $11 35. Nxg8 Qxg8 36. Qe7+ Qf7 (36... Kxh6 $2 {perishes.} 37. Qf6+ Kh7 38. Re5 $18) 37. Rxe6 Qxe7 38. Rxe7+ Kxh6) 35. Rxe4 Nxe4 36. Nxg8 Qxg8 37. Qf7+ {[%emt 0:00:13] Weighted Error Value: White=0.48/Black=0.57.  Loses game:     	---       	Black=2      Missed win:     	White=3     	---        Mistake:       	---       	Black=4      Inaccurate:     	White=1     	Black=3      OK:         	White=8     	Black=5      Best:        	White=3     	Black=3      Strong:       	White=3     	Black=1      Brilliant:      	White=1     	---} 1-0